 Dungeon Crawl Stone Soup version 0.18-a0-1211-g828307d (webtiles) character file.

2674 Lianjan the Cleaver (level 9, -1/81 HPs)
             Began as a Hill Orc Fighter on Feb 2, 2016.
             Was an Elder of Okawaru.
             Slain by Erica
             ... wielding a +0 scimitar of flaming
              (3 damage)
             ... on level 7 of the Dungeon.
             The game lasted 00:40:53 (7681 turns).

Lianjan the Cleaver (Hill Orc Fighter)              Turns: 7681, Time: 00:40:53

Health: -1/81      AC: 16    Str: 21    XL:     9   Next: 63%
Magic:  8/10       EV:  8    Int:  8    God:    Okawaru [****..]
Gold:   329        SH:  4    Dex: 11    Spells: 0 memorised, 8 levels left

rFire  . . .     SeeInvis .     a - +0 war axe
rCold  . . .     Gourm    .     M - +0 plate armour
rNeg   . . .     Faith    .     (no shield)
rPois  .         Spirit   .     (no helmet)
rElec  .         Dismiss  .     r - +0 cloak
rCorr  .         Reflect  +     (no gloves)
SustAt +         Harm     .     (no boots)
MR     .....                    x - +4 amulet of reflection
Stlth  ..........               d - ring of stealth
                                E - ring of sustain attributes

@: lethally poisoned (-1 -> -14), heroism, very slightly contaminated, hasted
and slowed, not resistant to hostile enchantments, extremely unstealthy
A: no striking features
a: Heroism, Renounce Religion


You were on level 7 of the Dungeon.
You worshipped Okawaru.
Okawaru was greatly pleased with you.
You were not hungry.

You visited 1 branch of the dungeon, and saw 8 of its levels.

You collected 329 gold pieces.

Inventory:

Hand Weapons
 a - a +0 war axe (weapon)
 v - a +0 hand crossbow
Missiles
 f - 20 silver bolts
Armour
 c - a +0 shield
 r - a +0 cloak (worn)
 J - a +0 buckler
 M - a +0 plate armour (worn)
Jewellery
 d - a ring of stealth (right hand)
 j - an uncursed amulet of guardian spirit
 x - a +4 amulet of reflection (around neck)
 y - an uncursed ring of fire
 D - an uncursed ring of magical power
 E - a ring of sustain attributes (left hand)
Wands
 m - a wand of random effects (32/48)
 u - a wand of paralysis (13/24)
 C - a wand of polymorph (9/24)
 L - a wand of acid (4/15)
Scrolls
 h - 2 scrolls of fear
 n - 2 scrolls of amnesia
 G - 4 scrolls of identify
 I - a scroll of magic mapping
 N - a scroll of blinking
Potions
 e - 2 potions of cancellation
 g - 3 potions of brilliance
 k - 3 potions of curing {unknown}
 l - a potion of haste
 o - a potion of mutation {unknown}
 q - a potion of ambrosia {unknown}
 t - a potion of magic {unknown}
 w - a potion of flight {unknown}
 z - a potion of resistance {unknown}
 H - a potion of beneficial mutation {unknown}
 Q - a potion of poison {unknown}
Books
 P - a book of Envenomations

   Spells                             Type                      Level
   a - Spider Form                    Transmutation/Poison         3
   b - Olgreb's Toxic Radiance        Poison                       4
   c - Alistair's Intoxication        Transmutation/Poison         5
   d - Poisonous Cloud                Conjuration/Poison/Air       6
Comestibles
 s - 4 meat rations
 A - 7 bread rations
 B - a beef jerky
 F - 4 fruits


   Skills:
 - Level 8.1(13.1) Fighting
 * Level 12.7(17.7) Axes
 + Level 2.8(7.8) Crossbows
 + Level 5.5(10.5) Armour
 - Level 3.2(8.2) Shields
 - Level 1.8 Invocations


You had 8 spell levels left.
You didn't know any spells.

Dungeon Overview and Level Annotations

Branches:
Dungeon (8/15)             Temple (0/1) D:5
   Lair: D:8-11

Altars:
Kikubaaqudgha
Nemelex Xobeh
Okawaru
Xom

Shops:
D:6 (

Annotations:
D:7 Erica


Message History

* * * LOW HITPOINT WARNING * * *
You feel sick. Something hits you but does no damage.
You miss something.
* * * LOW HITPOINT WARNING * * *
You feel sick. Something hits you but does no damage.
You miss something.
* * * LOW HITPOINT WARNING * * *
You feel sick.
You closely miss something.
* * * LOW HITPOINT WARNING * * *
You feel sick. Something hits you but does no damage.
Your plate armour prevents you from hitting something.
* * * LOW HITPOINT WARNING * * *
You feel sick.
You hit something but do no damage.
* * * LOW HITPOINT WARNING * * *
You feel sick. Something hits you!
* * * LOW HITPOINT WARNING * * *
Something burns you.
You die...

#### ...#
#.################
.....)).........@#
....############.#
..).# #.# p...#
#.# ....# #.#
....# #.# ....#
#.# ....# #.#
....# #.#


There were no monsters in sight!

Vanquished Creatures
  Pikel (D:7)
  The ghost of Quilel the Covert, a novice DEEn (D:5)
  Grinder (D:3)
  A big kobold (D:7)
  2 orc warriors (D:7)
  An ice beast (D:7)
  A phantom (D:6)
  A sky beast (D:6)
  2 ogres
  3 giant frogs
  A wyvern skeleton (D:6)
  A water moccasin skeleton (D:7)
  A crimson imp (D:5)
  2 centaur skeletons
  2 giant frog skeletons (D:5)
  A hound (D:7)
  5 orc priests
  3 orc wizards
  Jessica (D:3)
  Ijyb (D:3)
  5 worker ants
  A hound skeleton (D:7)
  7 gnolls
  12 adders
  An ooze (D:1)
  3 adder skeletons
  3 worms
  6 giant geckos
  22 orcs
  4 ball pythons
  2 giant cockroaches
  13 goblins
  7 hobgoblins
  7 jackals
  12 kobolds
  2 quokkas
  9 bats
  A giant gecko skeleton (D:5)
  A giant gecko zombie (D:5)
  9 giant newts
  6 rats
165 creatures vanquished.

Vanquished Creatures (others)
  2 slaves (D:7)
  An ogre (D:7)
  An adder (D:7)
  A kobold (D:7)
5 creatures vanquished.

Grand Total: 170 creatures vanquished

Notes
Turn   | Place    | Note
--------------------------------------------------------------
     0 | D:1      | Lianjan the Hill Orc Fighter began the quest for the Orb.
     0 | D:1      | Reached XP level 1. HP: 19/19 MP: 1/1
   258 | D:1      | Reached XP level 2. HP: 27/27 MP: 2/2
   352 | D:1      | Reached skill level 4 in Fighting
   688 | D:1      | Reached XP level 3. HP: 31/33 MP: 3/3
  1058 | D:2      | Found a sparkling altar of Nemelex Xobeh.
  1210 | D:2      | Found an ancient bone altar of Kikubaaqudgha.
  1481 | D:2      | Reached XP level 4. HP: 39/41 MP: 4/4
  2265 | D:2      | Reached skill level 5 in Fighting
  2479 | D:2      | Reached skill level 5 in Axes
  2581 | D:3      | Reached XP level 5. HP: 44/48 MP: 5/5
  2722 | D:3      | Found an iron altar of Okawaru.
  2732 | D:3      | Noticed Grinder
  2736 | D:3      | Paralysed by Grinder for 3 turns
  2739 | D:3      | Became a worshipper of Warmaster Okawaru
  2751 | D:3      | Paralysed by Grinder for 5 turns
  2764 | D:3      | Killed Grinder
  2764 | D:3      | Reached * piety under Okawaru
  2764 | D:3      | Reached skill level 6 in Fighting
  2764 | D:3      | Reached skill level 7 in Axes
  2764 | D:3      | Reached XP level 6. HP: 19/57 MP: 6/6
  2803 | D:3      | Noticed Jessica
  3104 | D:3      | Killed Jessica
  3555 | D:3      | Noticed Ijyb
  3581 | D:3      | Reached XP level 7. HP: 64/64 MP: 7/7
  3598 | D:3      | Killed Ijyb
  3784 | D:4      | Reached skill level 8 in Axes
  4229 | D:4      | Reached skill level 9 in Axes
  4280 | D:5      | Entered Level 5 of the Dungeon
  4280 | D:5      | Noticed Quilel's ghost (novice DEEn)
  4291 | D:5      | Killed Quilel's ghost
  4291 | D:5      | Reached ** piety under Okawaru
  4291 | D:5      | Reached XP level 8. HP: 60/73 MP: 8/8
  4508 | D:5      | Reached skill level 10 in Axes
  4741 | D:5      | Found a staircase to the Ecumenical Temple.
  4851 | D:5      | Found a shimmering altar of Xom.
  5338 | D:6      | Found Ukugurai's Antique Weapon Shop.
  5567 | D:6      | Reached skill level 11 in Axes
  5567 | D:6      | Reached skill level 1 in Invocations
  5672 | D:6      | Reached *** piety under Okawaru
  6176 | D:7      | Reached XP level 9. HP: 59/81 MP: 10/10
  6379 | D:7      | Reached skill level 1 in Crossbows
  7016 | D:7      | Noticed Pikel
  7033 | D:7      | Killed Pikel
  7033 | D:7      | Reached skill level 12 in Axes
  7033 | D:7      | Reached skill level 5 in Armour
  7141 | D:7      | Reached **** piety under Okawaru
  7643 | D:8      | Noticed Erica
  7681 | D:7      | HP: 2/81 [something (11)]
  7681 | D:7      | Slain by Erica

Vault maps used:
D:1:      dpeg_arrival_brainrot, minivault_19, bh_walls_and_bars
D:2:      kiku_gazebo_garden_becter, nemelex_xobeh_ov_fountains_minmay,
          kennysheep_generic_room_10
D:3:      kennysheep_goblin_castle, okawaru_ov_weapons_minmay,
          minmay_lizard_king, uniq_jessica, uniq_grinder
D:4:      kennysheep_spiral_hall
D:5:      kennysheep_mini_moat, temple_doors_b, first_bread
D:6:      serial_shops, shop
D:7:      uniq_pikel
D:8:      grunt_temple_overflow_open, uniq_psyche, uniq_erica

Action                   |  1- 3 |  4- 6 |  7- 9 || total
-------------------------+-------+-------+-------++-------
Melee: War axe           |   131 |   128 |   375 ||   634
 Fire: Hand crossbow     |       |     2 |       ||     2
Invok: Heroism           |       |       |     2 ||     2
Evoke: Wand              |       |     1 |     3 ||     4
  Use: Potion            |       |     1 |     5 ||     6
       Scroll            |       |     8 |     6 ||    14
 Stab: Paralysed         |       |     2 |     2 ||     4
  Eat: Chunk             |     2 |     2 |    14 ||    18
       Bread ration      |       |     1 |       ||     1
